 Dungeon Crawl Stone Soup version 0.24-a0-789-g35933f4585 (webtiles) character file.

Game seed: 7752407141476931350, levelgen mode: deterministic

1303 Kohma the Skirmisher (level 8, -3/68 (69) HPs)
             Began as a Purple Draconian Fire Elementalist on Oct 10, 2019.
             Was an Initiate of Ashenzari.
             Splashed by an oklob plant's acid (12 damage)
             ... on level 6 of the Dungeon.
             The game lasted 00:23:31 (7403 turns).

Kohma the Skirmisher (DrFE)                         Turns: 7403, Time: 00:23:32

HP:   -3/68 (69)    AC:  0    Str: 10    XL:     8   Next: 31%
MP:   12/15         EV: 13    Int: 17    God:    Ashenzari [......]
Gold: 264           SH:  0    Dex: 13    Spells: 7/17 levels left

rFire    + . .     SeeInvis .   c - +0 trident
rCold    + . .     Gourm    .   (no shield)
rNeg     . . .     Faith    .   (armour unavailable)
rPois    .         Spirit   .   (helmet restricted)
rElec    .         Reflect  .   y - scarf {rC+ rF+}
rCorr    .         Harm     .   k - +0 pair of gloves
MR       +....                  o - +0 pair of boots
Stlth    ++........             f - amulet of magic regeneration (curse)
HPRegen  0.21/turn              (no ring)
MPRegen  0.39/turn              (no ring)

@: corroded
A: breathe power, unfitting armour, cold-blooded, AC +6
a: Breathe Dispelling Energy, Curse Item, Renounce Religion


You were on level 6 of the Dungeon.
You worshipped Ashenzari.
Ashenzari was noncommittal.
You were hungry.

You visited 2 branches of the dungeon, and saw 7 of its levels.

You collected 264 gold pieces.

Inventory:

Hand Weapons
 c - a +0 trident (weapon)
 l - a +0 short sword
 w - a +2 short sword of draining
 B - a +0 hunting sling
Missiles
 g - 151 stones
 p - a throwing net
 q - 11 poisoned darts (quivered)
Armour
 k - a +0 pair of gloves (worn)
 o - a +0 pair of boots (worn)
 y - a scarf of resistance (worn)
Jewellery
 f - a cursed amulet of magic regeneration (around neck)
 C - an uncursed ring of fire
Wands
 A - a wand of disintegration (14)
Scrolls
 a - a scroll of enchant weapon {unknown}
 d - 4 scrolls of identify {unknown}
 e - 3 scrolls of teleportation {unknown}
 h - 3 scrolls of amnesia {unknown}
 m - a scroll of random uselessness {unknown}
 r - a scroll of enchant armour {unknown}
 s - 2 scrolls of remove curse
 v - 2 scrolls of magic mapping {unknown}
 E - a scroll of noise {unknown}
Potions
 i - 4 potions of curing {unknown}
 j - a potion of might {unknown}
 n - 4 potions of mutation {unknown}
 t - 3 potions of heal wounds {unknown}
 u - a potion of agility {unknown}
 x - 2 potions of brilliance {unknown}
 z - a potion of cancellation {unknown}
Comestibles
 b - 7 rations
 D - 4 chunks of flesh


   Skills:
 + Level 5.6 Fighting
 + Level 3.4 Dodging
 - Level 1.7 Stealth
 + Level 5.1 Spellcasting
 - Level 5.0 Conjurations
 * Level 5.4 Fire Magic


You had 7 spell levels left.
You knew the following spells:

 Your Spells              Type           Power        Failure   Level  Hunger
a - Flame Tongue          Conj/Fire      ###..        1%          1    None
b - Conjure Flame         Conj/Fire      ###.....     4%          3    ###....
c - Throw Flame           Conj/Fire      ###...       2%          2    #......
d - Sticky Flame          Conj/Fire      ###.....     17%         4    ####...

Your spell library contained the following spells:

 Spells                   Type           Power        Failure   Level  Hunger
 Inner Flame              Hex/Fire       ##......     14%         3    ###....
 Fireball                 Conj/Fire      ###.......   43%         5    ######.


Dungeon Overview and Level Annotations

Branches:
Dungeon (6/15)             Temple (1/1) D:5

Altars:
Ashenzari
Cheibriados
Dithmenos
Fedhas
Hepliaklqana
Kikubaaqudgha
Makhleb
Nemelex Xobeh
Okawaru
Qazlal
Ru
Sif Muna
Trog
Uskayaw
Vehumet
Wu Jian
Xom
Yredelemnul
Zin
The Shining One

Annotations:
D:6 exclusion: oklob plant


Innate Abilities, Weirdness & Mutations

You can breathe bolts of dispelling energy.
Your rich purple scales are hard. (AC +6)
You cannot fit into any form of body armour.
You are cold-blooded and may be slowed by cold attacks.


Message History

Aiming: Flame Tongue (safe; 1% risk of failure)
Press: ? - help, Shift-Dir - straight line, f/p - oklob plant
Aim: an oklob plant (lightly damaged)
The flame tongue hits the oklob plant.
The oklob plant is lightly damaged.
The oklob plant spits acid at you. The splash of acid hits you!
The acid corrodes you!
You are splashed with acid!
* * * LOW HITPOINT WARNING * * *
Casting: Flame Tongue (safe; 1% risk of failure)
Confirm with . or Enter, or press ? or * to list all spells.
Aiming: Flame Tongue (safe; 1% risk of failure)
Press: ? - help, Shift-Dir - straight line, f/p - oklob plant
Aim: an oklob plant (lightly damaged)
The flame tongue hits the oklob plant.
The oklob plant is moderately damaged.
The oklob plant spits acid at you. The splash of acid hits you!
* * * LOW HITPOINT WARNING * * *
You are splashed with acid!
You die...

#### #####
##...##...##
###
#..........##
..#
............#
.<#
....>.......#
..#
......%.....#
#####
.......@...##
....#
....P.#.....#
....# ...P_
#####<###
....# ...#
#...# #.#
....# ###.#
###.# #.###
..[.# #...#
#.## #...#
.<..# #.#
#..## #.#.#
..[.###.#
##..###.#.#
..))รท...##
##..##.#.#


You could see an oklob plant.

Vanquished Creatures
  Menkaure (D:4)
  2 ice beasts
  A necrophage (D:5)
  A centaur (D:5)
  An ogre (D:6)
  Blork the orc (D:4)
  A scorpion (D:6)
  A howler monkey (D:6)
  A centaur zombie (D:6)
  A crimson imp (D:6)
  An orc priest (D:4)
  2 hounds
  A bullfrog skeleton (D:5)
  Jessica (D:3)
  Terence (D:2)
  An iguana (D:4)
  2 orc wizards
  3 worker ants
  A hound zombie (D:6)
  4 gnolls
  An adder (D:4)
  A shadow imp (D:5)
  4 oozes
  2 worms
  3 dart slugs
  7 leopard geckos
  18 orcs
  2 ball pythons
  6 bats
  3 giant cockroaches
  8 goblins
  7 hobgoblins
  12 jackals
  12 kobolds
  A quokka (D:6)
  6 frilled lizards
  A leopard gecko skeleton (D:5)
  A quokka zombie (D:6)
  13 rats
136 creatures vanquished.

Notes
Turn   | Place    | Note
-------+----------+-------------------------------------------
     0 | D:1      | Kohma the Draconian Fire Elementalist began the quest for
                  | the Orb.
     0 | D:1      | Reached XP level 1. HP: 14/14 MP: 3/3
   165 | D:1      | Reached XP level 2. HP: 11/22 MP: 1/5
   563 | D:1      | Reached skill level 1 in Fighting
   617 | D:1      | Reached XP level 3. HP: 28/28 MP: 1/6
  1570 | D:2      | Noticed Terence
  1578 | D:2      | Learned a level 3 spell: Conjure Flame
  1581 | D:2      | Learned a level 2 spell: Throw Flame
  1661 | D:2      | Killed Terence
  1661 | D:2      | Reached XP level 4. HP: 12/35 MP: 0/7
  2745 | D:3      | Reached XP level 5. HP: 28/41 MP: 2/9
  3307 | D:3      | Noticed Jessica
  3312 | D:3      | Killed Jessica
  3877 | D:4      | Noticed Menkaure
  4107 | D:4      | Found a shimmering blue altar of Sif Muna.
  4108 | D:4      | Found an ancient bone altar of Kikubaaqudgha.
  4130 | D:4      | Found a basalt altar of Yredelemnul.
  4132 | D:4      | Found a sparkling altar of Nemelex Xobeh.
  4265 | D:4      | Killed Menkaure
  4265 | D:4      | Reached XP level 6. HP: 51/51 MP: 1/10
  4267 | D:4      | Noticed Blork the orc
  4350 | D:4      | Killed Blork the orc
  4715 | D:4      | Reached skill level 5 in Conjurations
  5111 | D:4      | Found a bloodstained altar of Trog.
  5171 | D:5      | Entered Level 5 of the Dungeon
  5184 | D:5      | Your scales start taking on a rich purple colour.
  5184 | D:5      | Reached XP level 7. HP: 44/59 MP: 1/12
  5465 | D:5      | Learned a level 4 spell: Sticky Flame
  6266 | D:5      | Found a staircase to the Ecumenical Temple.
  6275 | Temple   | Entered the Ecumenical Temple
  6419 | Temple   | Became a worshipper of Ashenzari the Shackled
  6599 | D:5      | Reached skill level 5 in Fighting
  6816 | D:6      | Reached XP level 8. HP: 57/67 MP: 7/15
  6958 | D:6      | Noticed an oklob plant
  7080 | D:6      | Reached skill level 5 in Fire Magic
  7174 | D:6      | Reached skill level 5 in Spellcasting
  7387 | D:6      | Found a sacrificial altar of Ru.
  7403 | D:6      | Splashed by an oklob plant's acid

Levels and vault maps discovered:
D:1:      dpeg_arrival_houses_and_road, layout_loops_ring
D:2:      layout_basic, uniq_terence
D:3:      layout_rooms, uniq_jessica
D:4:      layout_rooms, nicolae_overflow_hidden_temple, first_ration,
          chequers_serial_rivers_small_b, hex_medium, bloody_trog,
          uniq_blork_the_orc, uniq_menkaure
D:5:      layout_cave_pools, temple_hall
D:6:      layout_rooms, chequers_mini_garden, hangedman_decor_opposing,
          lemuel_oklob_altar
Temple:   eino_temple_rhombus

Skill      XL: |  1  2  3  4  5  6  7  8 |
---------------+-------------------------+-----
Fighting       | 1 2 3 4 5 |  5.6
Conjurations   | 2 4 5 |  5.0
Fire Magic     | 4 5 |  5.4
Spellcasting   | 3 4 5 |  5.1
Dodging        | 3 |  3.4
Stealth        | |  1.7

Action                   |  1- 3 |  4- 6 |  7- 9 || total
-------------------------+-------+-------+-------++-------
Melee: Dagger            |    20 |       |       ||    20
       Tailslap          |     4 |    11 |    12 ||    27
       Short sword       |    20 |    14 |       ||    34
       Trident           |       |   120 |   122 ||   242
Throw: Stone             |     8 |     6 |       ||    14
 Cast: Flame Tongue      |    70 |    53 |    79 ||   202
       Throw Flame       |     3 |    32 |    35 ||    70
       Conjure Flame     |     1 |     4 |     2 ||     7
Invok: Curse Item        |       |       |     1 ||     1
 Stab: Sleeping          |       |     1 |       ||     1
  Eat: Chunk             |     3 |    14 |     8 ||    25
Armor: Skin              |    17 |    65 |    89 ||   171
Dodge: Dodged            |    40 |   130 |   173 ||   343

Table legend:
 A = Non-vault XP
 B = Vault XP
 C = Vault XP percentage of total XP
 D = Non-vault monster count
 E = Vault monster count
 F = Vault count percentage of total count
                 A         B        C        D         E       F
            +---------+---------+-------+---------+---------+-------
      Total |    1537 |     325 |  17.5 |     132 |       4 |   2.9
            +---------+---------+-------+---------+---------+-------
        D:1 |      76 |       0 |   0.0 |      28 |       0 |   0.0
        D:2 |      43 |      36 |  45.6 |      23 |       1 |   4.2
        D:3 |      90 |      37 |  29.1 |      26 |       1 |   3.7
        D:4 |     226 |     252 |  52.7 |      17 |       2 |  10.5
        D:5 |     548 |       0 |   0.0 |      16 |       0 |   0.0
        D:6 |     554 |       0 |   0.0 |      22 |       0 |   0.0
            +---------+---------+-------+---------+---------+-------
